Selects Advanced Infantry Battlegroup
Selects Convert to Ranger Squad
Selects Frontline Medical Station
M1918 Browning Automatic Rifles
Frontline Medical Station
Selects Ranger Weapon Training
Selects Artillery Observers
M18 Hellcat Tank Destroyer
M18 Hellcat Tank Destroyer
Selects M2A1 105mm Howitzer Emplacement
M18 Hellcat Tank Destroyer
Selects 155mm Rapid Artillery Barrage
Selects 155mm Rapid Artillery Barrage
155mm Rapid Artillery Barrage